 Dungeon Crawl Stone Soup version 0.20.1-1-g8b1a95d (webtiles) character file.

150139 wolfsongas the Executioner (level 16, -1/151 HPs)
             Began as a Minotaur Berserker on Aug 4, 2017.
             Was an Elder of Trog.
             Killed from afar by a merfolk aquamancer (39 damage)
             ... with a shard of ice
             ... on level 4 of the Shoals.
             The game lasted 01:33:30 (24935 turns).

wolfsongas the Executioner (Minotaur Berserker)    Turns: 24935, Time: 01:33:32

Health: -1/151     AC: 33    Str: 26    XL:     16   Next: 68%
Magic:  15/15      EV: 10    Int:  9    God:    Trog [****..]
Gold:   1958       SH:  0    Dex: 16    Spells: 15/15 levels left

rFire    . . .     SeeInvis .   C - +9 executioner's axe "Erghidde" {vamp, Int+4 Dex+4}
rCold    . . .     Gourm    .   (shield currently unavailable)
rNeg     + + .     Faith    .   v - +4 plate armour
rPois    +         Spirit   .   (helmet restricted)
rElec    +         Reflect  .   y - +0 cloak of Boiling Hail {rElec}
rCorr    .         Harm     .   q - +2 pair of gloves {archery}
MR       +++..                  J - +1 pair of boots {run}
Stlth    ..........             L - macabre finger necklace {rN+}
Regen    1.4/turn               o - +5 ring of protection
MPRegen  0.2/turn               t - ring of positive energy
                                E - ring of poison resistance

@: barbed spikes, regenerating, very slow
A: retaliatory headbutt, horns 2
}: 1/15 runes: gossamer
a: Berserk, Trog's Hand, Brothers in Arms, Burn Spellbooks, Renounce Religion


You were on level 4 of the Shoals.
You worshipped Trog.
Trog was greatly pleased with you.
You were not hungry.

You visited 5 branches of the dungeon, and saw 31 of its levels.
You also visited: Sewer, Ice Cave and Volcano.

You collected 2473 gold pieces.
You spent 515 gold pieces at shops.

Inventory:

Hand Weapons
 a - a +9 antimagic great mace
 i - the +2 executioner's axe of Ginuozao {flame, rElec MR+ Str+6}
   (You acquired it on level 10 of the Dungeon)

   It has been specially enchanted to burn those struck by it, causing extra
   injury to most foes and up to half again as much damage against particularly
   susceptible opponents.
   Big, fiery blades are also staple armaments of hydra-hunters.
   It affects your strength (+6).
   It insulates you from electricity.
   It affects your resistance to hostile enchantments.
 C - the +9 executioner's axe "Erghidde" (weapon) {vamp, Int+4 Dex+4}
   (Trog gifted it to you on level 2 of the Orcish Mines)

   It inflicts no extra harm, but heals its wielder when it wounds a living foe.
   It affects your intelligence (+4).
   It affects your dexterity (+4).
 D - a +2 vampiric eveningstar
Armour
 q - a +2 pair of gloves of archery (worn)
 v - a +4 plate armour (worn)
 y - the +0 cloak of Boiling Hail (worn) {rElec}
   (You found it on level 8 of the Dungeon)

   It insulates you from electricity.
 G - a +1 cloak of fire resistance
 J - a +1 pair of boots of running (worn)
Jewellery
 c - the amulet of Noses {Regen+ Dex+3 Stlth+}
   (You bought it in a shop on level 2 of the Orcish Mines)

   [amulet of regeneration]

   It affects your dexterity (+3).
   It increases your rate of regeneration.
   It makes you more stealthy.
 o - a +5 ring of protection (left hand)
 s - an uncursed ring of flight
 t - a ring of positive energy (right hand)
 w - an uncursed ring of protection from cold
 E - a ring of poison resistance (on amulet)
 L - the macabre finger necklace (around neck) {rN+}
   (You found it on level 1 of the Spider Nest)

   [amulet of nothing]

   It protects you from negative energy.
 O - an uncursed ring of positive energy
 R - an uncursed ring of magical power
Wands
 m - a wand of iceblast (11/15)
 I - a wand of acid (2/15)
 M - a wand of lightning (5/15)
Scrolls
 b - 8 scrolls of teleportation
 e - 4 scrolls of remove curse
 j - a scroll of brand weapon
 k - 2 scrolls of recharging
 l - 2 scrolls of enchant weapon
 z - 2 scrolls of immolation
 F - a scroll of fear
 H - 6 scrolls of fog
Potions
 d - 7 potions of curing
 f - 5 potions of might
 g - 4 potions of flight
 h - a potion of magic
 n - 6 potions of lignification
 r - a potion of cancellation
 u - 7 potions of brilliance
 x - 2 potions of agility
 B - 3 potions of haste
 K - 2 potions of berserk rage
Miscellaneous
 Q - a lamp of fire
Comestibles
 p - 14 fruits
 A - 10 bread rations


   Skills:
 + Level 15.8 Fighting
 + Level 24.6(24.9) Axes
 - Level 8.3(18.3) Maces & Flails
 + Level 0.4 Throwing
 + Level 14.9 Armour
 - Level 3.0 Dodging
 - Level 1.0 Stealth
 + Level 1.0 Evocations


You had 15 spell levels left.
You didn't know any spells.

Dungeon Overview and Level Annotations

Branches:
Dungeon (15/15)            Temple (0/1) D:7            Lair (6/6) D:9
 Shoals (4/4) Lair:2       Spider (4/4) Lair:2        Slime (0/5) Lair:5
    Orc (2/2) D:12            Elf (0/3) Orc:2        Vaults (0/5) D:14
 Depths (0/5) D:15

Altars:
Cheibriados
Gozag
Kikubaaqudgha
Vehumet
Beogh

Shops:
D:10 }   D:12 (   D:13 :   D:14 =   Orc:1 =   Orc:2 !}[!*

Annotations:
Lair:6 exclusion: 3 oklob plants
Spider:3 exclusion: Roxanne, Roxanne


Innate Abilities, Weirdness & Mutations

You reflexively headbutt those who attack you in melee.
You have a pair of horns on your head.


Message History

The torrent of water hits you!
* * * LOW HITPOINT WARNING * * *
You are knocked back by the torrent of water.
Splash!
The wave splashes down.
The manticore flicks its tail.
The volley of spikes hits you!
The barbed spikes become lodged in your body.
* * * LOW HITPOINT WARNING * * *
You hear an angry hiss.
Aiming: Corrosive Bolt
Press: ? - help, Shift-Dir - straight line, f - merfolk aquamancer
Aim: a merfolk aquamancer, wielding a rapier of freezing and wearing a robe (severely wounded)
The bolt of acid hits the merfolk aquamancer.
The merfolk aquamancer is splashed with acid.
The merfolk aquamancer is almost dead.
This wand has 2 charges left.
The merfolk aquamancer casts a spell at you.
The shard of ice hits you!
You die...

........≈#≈≈###.mt≈≈≈≈≈≈≈≈
..................≈≈≈≈≈≈≈≈
≈.............†...≈≈≈≈≈≈≈≈
≈.................≈t≈≈≈≈≈≈
≈≈≈.....(.........≈m≈≈≈≈≈≈
≈≈≈≈≈......H...≈≈≈#≈≈#≈≈≈≈
≈≈.≈≈.≈≈≈..t...#######≈≈≈≈
≈≈≈..≈≈≈≈≈...≈## #≈≈
≈≈≈≈.≈≈≈≈@≈m.## ≈≈
≈≈≈≈≈≈≈≈≈≈≈≈≈#
≈≈≈≈≈≈≈≈≈≈≈≈#
≈≈≈≈≈≈≈(≈≈≈≈#
≈≈≈≈≈≈≈≈≈≈≈## ≈≈≈≈≈≈≈≈≈≈≈≈
≈≈≈≈≈≈≈≈≈≈≈≈≈
≈≈≈≈≈≈≈≈≈≈≈≈≈#


You could see a merfolk aquamancer, a snapping turtle and a manticore.

Vanquished Creatures
  Jorgrun (Spider:2)
  3 ghost moths
  Louise (Spider:3)
  6 emperor scorpions (Spider:4)
  Nessos (D:14)
  The ghost of raszama the Protected, a journeyman GrFi of Ashenzari (Lair:6)
  A spark wasp (Spider:4)
  Snorg (Lair:4)
  A merfolk javelineer (Shoals:2)
  A merfolk impaler (Shoals:3)
  Josephine (D:14)
  Erolcha (Orc:2)
  A vault guard (D:14)
  2 merfolk avatars
  3 hydras
  A centaur warrior (D:13)
  11 two-headed ogres
  3 catoblepae
  An ogre mage (Orc:2)
  2 sea snakes
  6 skeletal warriors
  3 unseen horrors
  3 orc knights
  9 wolf spiders
  4 fauns (Shoals:2)
  10 orc sorcerers
  2 manticores
  A necromancer (D:15)
  5 cyclopes
  12 orb spiders
  9 ugly things
  8 deep elf magi
  A moth of wrath (Spider:4)
  A salamander (Volcano)
  6 elephants (Lair:6)
  2 merfolk sirens (Lair:2)
  A guardian serpent (shapeshifter) (D:14)
  A naga mage (D:15)
  7 black mambas
  3 water nymphs
  3 ice statues (IceCv)
  2 torpor snails
  A gargoyle (D:12)
  12 spiny frogs
  3 rime drakes
  A kobold demonologist (D:12)
  4 komodo dragons
  2 freezing wraiths
  4 guardian mummies (D:15)
  9 demonic crawlers
  28 jumping spiders
  6 polar bears
  9 merfolk
  10 hornets
  7 trolls
  A slime creature (Lair:5)
  10 hippogriffs
  A snapping turtle (Shoals:3)
  A dream sheep (Lair:6)
  2 wind drakes
  13 spriggans (Lair:6)
  2 water elementals
  10 tarantellas
  3 shadows
  The ghost of Heef the Magician, an amateur DEIE (D:4)
  3 wyverns
  28 redbacks
  3 basilisks
  5 wraiths
  A fire bat (Volcano)
  32 yaks
  2 vampire mosquitoes (D:14)
  4 hungry ghosts
  A steam dragon (D:8)
  A soldier ant (D:14)
  Duvessa (D:5)
  2 acid dragons (D:15)
  10 water moccasins
  2 hell hounds (Volcano)
  8 porcupines
  3 sky beasts
  17 ice beasts
  13 orc warriors
  3 eyes of draining
  A phantom (D:3)
  5 black bears
  7 ogres
  11 centaurs
  A necrophage (D:6)
  22 wolves
  5 boggarts (Lair:6)
  16 crocodiles
  6 big kobolds
  2 wyvern zombies
  13 bullfrogs
  Dowan (D:5)
  6 scorpions
  13 killer bees
  3 wights (D:15)
  5 howler monkeys
  2 electric eels (Spider:4)
  7 crimson imps
  2 bullfrog zombies
  2 quasits
  8 centaur skeletons
  6 jellies
  33 orc wizards
  11 orc priests
  A centaur zombie (D:7)
  7 hounds
  5 iguanas
  11 worker ants
  6 hell rats
  A hound skeleton (D:8)
  4 mummies (D:15)
  A howler monkey zombie (D:8)
  4 gnolls (D:3)
  A howler monkey skeleton (D:8)
  9 adders
  7 river rats (Lair:5)
  2 shadow imps
  An ooze (D:1)
  An adder skeleton (D:9)
  2 worms
  7 leopard geckos
  88 orcs
  8 giant cockroaches
  8 goblins
  5 hobgoblins
  15 jackals
  3 quokkas
  2 ball pythons (Sewer)
  A ball python zombie (D:5)
  8 bats
  4 frilled lizards
  A jackal skeleton (D:5)
  31 kobolds
  A quokka zombie (D:6)
  10 rats
  4 fungi
  4 plants
872 creatures vanquished.

Vanquished Creatures (collateral kills)
  2 merfolk aquamancers (Shoals:4)
  A sea snake (Shoals:4)
  3 orb spiders (Spider:4)
  4 deep elf magi (D:11)
  3 wolf spiders
  A manticore (Shoals:3)
  A merfolk siren (Shoals:3)
  2 water nymphs (Shoals:3)
  2 jumping spiders (Spider:4)
  3 merfolk (Shoals:3)
  2 snapping turtles
  7 tarantellas
  7 redbacks
  An orc warrior (Orc:2)
  An electric eel (D:11)
  A crimson imp (D:11)
  3 orc wizards (Orc:2)
  An orc (Orc:2)
45 creatures vanquished.

Vanquished Creatures (others)
  A bush (Lair:6)
  10 fungi
  8 plants
19 creatures vanquished.

Grand Total: 936 creatures vanquished

Notes
Turn   | Place    | Note
-------+----------+-------------------------------------------
     0 | D:1      | wolfsongas the Minotaur Berserker began the quest for the Orb.
     0 | D:1      | Reached XP level 1. HP: 19/19 MP: 0/0
   158 | D:1      | Reached XP level 2. HP: 26/26 MP: 1/1
   260 | D:1      | Reached skill level 5 in Maces & Flails
   277 | D:1      | Reached ** piety under Trog
   299 | D:1      | Reached XP level 3. HP: 24/31 MP: 2/2
   945 | D:2      | Found an opulent altar of Gozag.
  1300 | D:3      | Reached XP level 4. HP: 32/39 MP: 3/3
  1752 | D:3      | Noticed a phantom
  1764 | D:3      | Killed a phantom
  1764 | D:3      | Reached XP level 5. HP: 45/45 MP: 4/4
  2224 | D:4      | Reached XP level 6. HP: 45/51 MP: 5/5
  2326 | D:4      | Reached skill level 1 in Stealth
  2356 | D:4      | Reached skill level 2 in Axes
  2512 | D:4      | Reached *** piety under Trog
  2512 | D:4      | Reached skill level 3 in Axes
  2592 | D:4      | Noticed Heef's ghost (amateur DEIE)
  2600 | D:4      | Killed Heef's ghost
  2600 | D:4      | Reached skill level 5 in Axes
  2600 | D:4      | Reached XP level 7. HP: 57/57 MP: 6/6
  3000 | D:4      | Reached skill level 6 in Axes
  3126 | D:5      | Entered Level 5 of the Dungeon
  3152 | D:5      | Reached skill level 7 in Axes
  3159 | D:5      | Noticed Duvessa
  3163 | D:5      | Killed Duvessa
  3163 | D:5      | Reached skill level 8 in Axes
  3163 | D:5      | Reached XP level 8. HP: 64/64 MP: 7/7
  3164 | D:5      | Found an opulent altar of Gozag.
  3165 | D:5      | Noticed Dowan
  3168 | D:5      | Killed Dowan
  3305 | D:5      | Reached skill level 9 in Axes
  3842 | D:6      | Reached skill level 10 in Axes
  3868 | D:6      | Identified the Tome of Toxic Enhancements
  4005 | D:6      | Reached **** piety under Trog
  4011 | D:6      | Reached skill level 11 in Axes
  4220 | D:6      | Found a glowing drain.
  4240 | Sewer    | Entered a sewer
  4270 | Sewer    | Reached XP level 9. HP: 69/69 MP: 8/8
  4658 | D:6      | Reached skill level 12 in Axes
  4985 | D:6      | Received a gift from Trog
  5665 | D:7      | Found a staircase to the Ecumenical Temple.
  6023 | D:8      | Noticed a two-headed ogre
  6031 | D:8      | Killed a two-headed ogre
  6031 | D:8      | Reached skill level 13 in Axes
  6437 | D:8      | Reached skill level 5 in Armour
  6482 | D:8      | Reached XP level 10. HP: 63/79 MP: 9/9
  6517 | D:8      | Got a shimmering cloak
  6528 | D:8      | Identified the cursed +0 cloak of Boiling Hail {rElec} (You found it on level 8 of the Dungeon)
  6809 | D:9      | Reached ***** piety under Trog
  6873 | D:9      | Reached skill level 5 in Fighting
  6891 | D:9      | Reached skill level 14 in Axes
  7066 | D:9      | Noticed a two-headed ogre
  7076 | D:9      | Killed a two-headed ogre
  7413 | D:9      | Found a staircase to the Lair.
  7433 | D:9      | Received a gift from Trog
  7602 | D:10     | Entered Level 10 of the Dungeon
  7706 | D:10     | Killed an unseen horror
  7924 | D:10     | Noticed a two-headed ogre
  7930 | D:10     | Killed a two-headed ogre
  7930 | D:10     | Reached skill level 15 in Axes
  8024 | D:10     | Found Jomurioxi's Gadget Shoppe.
  8165 | D:10     | Noticed a two-headed ogre
  8175 | D:10     | Killed a two-headed ogre
  8175 | D:10     | Reached XP level 11. HP: 67/91 MP: 10/10
  8197 | D:10     | Identified a scroll of acquirement
  8208 | D:10     | Got an iridescent executioner's axe
  8209 | D:10     | Identified the +2 executioner's axe of Ginuozao {flame, rElec MR+ Str+6} (You acquired it on level 10 of the Dungeon)
  8435 | D:11     | Noticed a deep elf mage
  8446 | D:11     | Noticed a deep elf mage
  8446 | D:11     | Noticed a deep elf mage
  8446 | D:11     | Noticed a deep elf mage
  8454 | D:11     | Noticed a deep elf mage
  8455 | D:11     | Noticed a deep elf mage
  8455 | D:11     | Killed a deep elf mage
  8458 | D:11     | Noticed a deep elf mage
  8461 | D:11     | Killed a deep elf mage
  8463 | D:11     | Killed a deep elf mage
  8464 | D:11     | Killed a deep elf mage
  8466 | D:11     | Noticed a deep elf mage
  8466 | D:11     | Killed a deep elf mage
  8466 | D:11     | Killed a deep elf mage
  8468 | D:11     | Noticed a deep elf mage
  8468 | D:11     | Killed a deep elf mage
  8470 | D:11     | Killed a deep elf mage
  8471 | D:11     | Killed a deep elf mage
  8571 | D:11     | Noticed a cyan ugly thing
  8575 | D:11     | Killed a cyan ugly thing
  8633 | D:11     | Noticed a two-headed ogre
  8638 | D:11     | Killed a two-headed ogre
  8642 | D:11     | Reached skill level 16 in Axes
  9169 | D:12     | Killed an unseen horror
  9169 | D:12     | Reached skill level 10 in Armour
  9196 | D:12     | Noticed a deep elf mage
  9209 | D:12     | Killed a deep elf mage
  9423 | D:12     | Noticed a two-headed ogre
  9430 | D:12     | Killed a two-headed ogre
  9430 | D:12     | Reached XP level 12. HP: 102/102 MP: 11/11
  9479 | D:12     | Reached skill level 17 in Axes
  9781 | D:12     | Found Raeggid's Weapon Emporium.
  9803 | D:12     | Received a gift from Trog
 10068 | D:12     | Found a staircase to the Orcish Mines.
 10077 | D:12     | Found a roughly hewn altar of Beogh.
 10804 | D:13     | Noticed a centaur warrior
 10813 | D:13     | Killed a centaur warrior
 10813 | D:13     | Reached skill level 18 in Axes
 11297 | D:13     | Reached skill level 10 in Fighting
 11323 | D:13     | Found Foahifed's Book Shop.
 11323 | D:13     | Noticed a catoblepas
 11338 | D:13     | Killed a catoblepas
 11453 | D:13     | Noticed a catoblepas
 11471 | D:13     | Killed a catoblepas
 11717 | D:14     | Found Umuma's Jewellery Shoppe.
 11720 | D:14     | Noticed Josephine
 11728 | D:14     | Killed Josephine
 11742 | D:14     | Reached XP level 13. HP: 105/113 MP: 12/12
 11977 | D:14     | Noticed Nessos
 11980 | D:14     | Killed Nessos
 11980 | D:14     | Reached skill level 19 in Axes
 12014 | D:14     | Found a gate to the Vaults.
 12179 | D:15     | Entered Level 15 of the Dungeon
 12549 | D:15     | Received a gift from Trog
 12677 | D:15     | Noticed a reaper
 12677 | D:15     | Noticed a reaper
 12677 | D:15     | Noticed a reaper
 12677 | D:15     | Noticed a reaper
 12678 | D:15     | Noticed a reaper
 12960 | D:15     | Reached ****** piety under Trog
 13041 | D:15     | Found a staircase to the Depths.
 13044 | D:15     | Reached skill level 20 in Axes
 13126 | D:15     | Received a gift from Trog
 13658 | Lair:1   | Entered Level 1 of the Lair of Beasts
 13780 | Lair:1   | Found a frozen archway.
 13832 | IceCv    | Entered an ice cave
 13903 | IceCv    | Reached XP level 14. HP: 19/126 MP: 13/13
 14216 | IceCv    | Got scorched ice dragon scales
 14227 | IceCv    | Identified the cursed +0 ice dragon scales of Gallantry {rElec rF- rC++ Str+2 Int-4} (You found it in an ice cave)
 14774 | Lair:2   | Found a snail-covered altar of Cheibriados.
 14878 | Lair:2   | Found a hole to the Spider Nest.
 15060 | Lair:2   | Found a staircase to the Shoals.
 15224 | Lair:3   | Found a snail-covered altar of Cheibriados.
 16287 | Lair:4   | Reached skill level 21 in Axes
 16526 | Lair:4   | Noticed Snorg
 16534 | Lair:4   | Killed Snorg
 16985 | Lair:5   | Received a gift from Trog
 17123 | Lair:5   | Found a staircase to the Slime Pits.
 17742 | Lair:6   | Entered Level 6 of the Lair of Beasts
 17911 | Lair:6   | Found a dark tunnel.
 17997 | Volcano  | Entered a volcano
 18185 | Volcano  | Identified a +1 pair of boots of running (You found it in a volcano)
 18331 | Lair:6   | Noticed raszama's ghost (journeyman GrFi)
 18345 | Lair:6   | Killed raszama's ghost
 18901 | Lair:6   | Paralysed by a hornet for 3 turns
 18914 | Lair:6   | Reached skill level 22 in Axes
 18944 | Lair:6   | Reached XP level 15. HP: 105/136 MP: 14/14
 19030 | Lair:6   | Received a gift from Trog
 20293 | Orc:1    | Entered Level 1 of the Orcish Mines
 20385 | Orc:1    | Received a gift from Trog
 20621 | Orc:1    | Found Woytinnepoe's Jewellery Boutique.
 20758 | Orc:2    | Entered Level 2 of the Orcish Mines
 20980 | Orc:2    | Found a roughly hewn altar of Beogh.
 21072 | Orc:2    | Found Wumyez's Assorted Antiques.
 21075 | Orc:2    | Bought a flickering brass amulet for 155 gold pieces
 21075 | Orc:2    | Identified the amulet of Noses {Regen+ Dex+3 Stlth+} (You bought it in a shop on level 2 of the Orcish Mines)
 21157 | Orc:2    | Found a staircase to the Elven Halls.
 21281 | Orc:2    | Found Buotaci's Distillery.
 21323 | Orc:2    | Found Ublozoz's Distillery.
 21354 | Orc:2    | Found a radiant altar of Vehumet.
 21355 | Orc:2    | Noticed Erolcha
 21364 | Orc:2    | Killed Erolcha
 21407 | Orc:2    | Found an ancient bone altar of Kikubaaqudgha.
 21440 | Orc:2    | Received a gift from Trog
 21441 | Orc:2    | Found a roughly hewn altar of Beogh.
 21441 | Orc:2    | Found Sinin's Gadget Shoppe.
 21448 | Orc:2    | Got a translucent executioner's axe {god gift}
 21476 | Orc:2    | Identified the +9 executioner's axe "Erghidde" {vamp, Int+4 Dex+4} (Trog gifted it to you on level 2 of the Orcish Mines)
 21478 | Orc:2    | Found Fiubixor's Antique Armour Emporium.
 21780 | Orc:1    | Bought an uncursed ring of poison resistance for 360 gold pieces
 21943 | Spider:1 | Entered Level 1 of the Spider Nest
 22019 | Spider:2 | Noticed Jorgrun
 22031 | Spider:2 | Killed a ghost moth
 22034 | Spider:2 | Killed Jorgrun
 22345 | Spider:2 | Reached skill level 23 in Axes
 22540 | Spider:2 | Identified the cursed +1 chain mail "Raunnyoc" {+Fly rPois Slay+2} (You found it on level 2 of the Spider Nest)
 22548 | Spider:2 | You fall through a shaft!
 22548 | Spider:3 | Noticed Roxanne
 22549 | Spider:3 | Noticed Louise
 22568 | Spider:3 | Killed Louise
 22747 | Spider:4 | Entered Level 4 of the Spider Nest
 23117 | Spider:4 | Received a gift from Trog
 23229 | Spider:4 | Killed a ghost moth
 23229 | Spider:4 | Reached XP level 16. HP: 135/147 MP: 0/15
 23302 | Spider:4 | Reached skill level 15 in Fighting
 23620 | Spider:4 | Reached skill level 24 in Axes
 23709 | Spider:4 | Reached skill level 1 in Evocations
 23749 | Spider:4 | Received a gift from Trog
 23878 | Spider:4 | Got a gossamer rune of Zot
 24146 | Shoals:1 | Entered Level 1 of the Shoals
 24333 | Shoals:2 | Received a gift from Trog
 24803 | Shoals:4 | Entered Level 4 of the Shoals
 24935 | Shoals:4 | Killed from afar by a merfolk aquamancer

Skill      XL: |  1  2  3  4  5  6  7  8  9 10 11 12 13 14 15 16 |
---------------+-------------------------------------------------+-----
Maces & Flails | 4 5 6 7 8 |  8.3
Stealth        | 1 |  1.0
Axes           | 5 8 11 13 15 16 18 20 22 23 24 | 24.6
Fighting       | 4 7 8 10 12 13 14 15 | 15.8
Armour         | 5 8 10 11 12 13 14 | 14.9
Dodging        | 3 |  3.0
Evocations     | 1 |  1.0
Throwing       | |  0.4

Action                   |  1- 3 |  4- 6 |  7- 9 | 10-12 | 13-15 | 16-18 || total
-------------------------+-------+-------+-------+-------+-------+-------++-------
Melee: Mace              |    82 |    50 |       |       |       |       ||   132
       Headbutt          |     9 |    15 |    39 |    78 |   199 |    66 ||   406
       War axe           |       |    16 |   249 |   145 |       |       ||   410
       Executioner's axe |       |       |       |   246 |   948 |   263 ||  1457
Throw: Tomahawk          |       |       |       |     1 |       |       ||     1
Invok: Berserk           |       |     4 |     6 |     4 |     7 |     2 ||    23
       Trog's Hand       |       |     1 |     1 |     3 |    13 |     7 ||    25
       Burn Spellbooks   |       |       |     2 |     2 |     5 |     2 ||    11
       Brothers in Arms  |       |       |       |     1 |     4 |    10 ||    15
Evoke: Wand              |       |       |       |       |    11 |     3 ||    14
  Use: Scroll            |     1 |     8 |     9 |    15 |    20 |     7 ||    60
       Potion            |       |       |     4 |     1 |     7 |     6 ||    18
 Stab: Petrified         |       |       |       |       |     1 |       ||     1
       Distracted        |       |       |       |       |     1 |       ||     1
  Eat: Meat ration       |     1 |       |     2 |     1 |     9 |     1 ||    14
       Royal jelly       |     1 |       |     1 |     3 |     4 |       ||     9
       Fruit             |       |     1 |     2 |       |     2 |       ||     5
       Bread ration      |       |     1 |     2 |     3 |     1 |     2 ||     9
       Chunk             |       |       |     1 |     6 |       |       ||     7
Armor: Animal skin       |    12 |       |       |       |       |       ||    12
       Ring mail         |    25 |    33 |    75 |       |       |       ||   133
       Plate armour      |       |       |    46 |   276 |   808 |   454 ||  1584
       Skin              |       |       |       |    23 |       |       ||    23
Dodge: Dodged            |    67 |    39 |   103 |   141 |   419 |   171 ||   940
